 Dungeon Crawl Stone Soup version 0.30-a0-1035-g38d5fb2972 (webtiles) character file.

Game seed: 1239090195531940154

3846 cforsyth the Fighter (level 10, 0/79 HPs)
             Began as an Octopode Summoner on Apr 8, 2023.
             Was an Initiate of Gozag.
             Succumbed to a kobold brigand's curare-tipped dart
             ... in a sewer on Apr 9, 2023.
             The game lasted 00:16:52 (6893 turns).

cforsyth the Fighter (Octopode Summoner)            Turns: 6893, Time: 00:16:52

Health: 0/79       AC:  5    Str:  8    XL:     10   Next: 18%
Magic:  11/19      EV: 13    Int: 21    God:    Gozag
Gold:   480        SH:  0    Dex: 13    Spells: 3/21 levels left

rFire   . . .      SeeInvis .    (no weapon)
rCold   . . .      Faith    .    (no shield)
rNeg    . . .      Spirit   .    (helmet restricted)
rPois   .          Reflect  .    (no amulet)
rElec   .          Rampage  .    l - +4 ring of protection
rCorr   .                        r - ring of willpower
Will    +....                    (no ring)
Stlth   +++                      (no ring)
HPRegen 0.33/turn                (no ring)
MPRegen 0.16/turn                (no ring)
                                 (no ring)
                                 (no ring)

@: brilliant, lethally poisoned (0 -> -7), gold aura, slowed, very slow
A: almost no armour, amphibious, 8 rings, camouflage 1, gelatinous body 1,
(nimble swimmer 1), tentacles
a: Renounce Religion, Potion Petition, Call Merchant, Bribe Branch


You were in a sewer.
You worshipped Gozag.
Gozag was aware of your devotion.
You visited 2 branches of the dungeon, and saw 7 of its levels.
You also visited: Sewer.

You collected 549 gold pieces.
You paid 69 gold pieces to Gozag.

Inventory:

Jewellery
 l - a +4 ring of protection (left tentacle)
 r - a ring of willpower (right tentacle)
Wands
 o - a wand of quicksilver (5)
 w - a wand of iceblast (14)
 x - a wand of polymorph (3)
 z - a wand of digging (6)
Scrolls
 c - 3 scrolls of enchant armour
 d - a scroll of fear
 e - a scroll of blinking
 h - 3 scrolls of noise
 m - a scroll of torment
 q - a scroll of teleportation
 u - a scroll of fog
 y - a scroll of butterflies {unknown}
Potions
 a - 2 potions of magic
 b - 2 potions of haste
 f - a potion of heal wounds {unknown}
 g - 2 potions of flight
 i - a potion of berserk rage {unknown}
 j - 6 potions of mutation
 k - a potion of degeneration {unknown}
 n - a potion of invisibility {unknown}
 p - a potion of brilliance
 s - a potion of curing


   Skills:
 - Level 11.6 Fighting
 - Level 2.0 Dodging
 - Level 2.6 Stealth
 + Level 6.4 Spellcasting
 - Level 4.0 Hexes
 + Level 7.9 Summonings
 - Level 5.0 Air Magic


You had 3 spell levels left.
You knew the following spells:

 Your Spells              Type           Power      Damage    Failure   Level
a - Summon Small Mammal   Summ           100%       N/A       1%          1
b - Call Imp              Summ           100%       N/A       1%          2
c - Call Canine Familiar  Summ           57%        N/A       1%          3
d - Summon Guardian Gole  Hex/Summ       47%        N/A       2%          3
e - Summon Lightning Spi  Summ/Air       50%        N/A       6%          4
h - Summon Mana Viper     Hex/Summ       47%        N/A       22%         5

Your spell library contained the following spells:

 Spells                   Type           Power      Damage    Failure   Level
 Freeze                   Ice            40%        1d6       10%         1
 Lesser Beckoning         Tloc           20%        N/A       14%         2
 Frozen Ramparts          Ice            20%        1d4       28%         3
 Hailstorm                Conj/Ice       10%        3d5       28%         3
 Iskenderun's Mystic Bla  Conj/Tloc      10%        2d4       67%         4
 Disjunction              Tloc           5%         N/A       100%        8


Dungeon Overview and Level Annotations

Branches:
Dungeon (6/15)             Temple (1/1) D:5           Sewer (1/1)

Altars:
Cheibriados
Dithmenos
Elyvilon
Fedhas
Gozag
Kikubaaqudgha
Makhleb
Nemelex Xobeh
Qazlal
Trog
Uskayaw
Wu Jian
Xom
Zin

Shops:
D:5 *   D:6 !


Innate Abilities, Weirdness & Mutations

You cannot wear most types of armour.
You are amphibious.
You can wear up to eight rings at the same time.
Your skin changes colour to match your surroundings (Stealth+).
Your rubbery body absorbs attacks. (AC +1, EV +1)
((You are camouflaged when in or above water. (Stealth+)))
You have tentacles for arms and can constrict up to eight enemies at once.


Message History

The kobold dies!
Your quokka barely misses the kobold.
The kobold brigand throws a curare-tipped dart.
The curare-tipped dart hits your cerulean imp.
The kobold barely misses your quokka.
Your lightning spire shoots out a bolt of lightning at the kobold brigand!
The bolt of electricity hits your cerulean imp.
Your cerulean imp resists.
The bolt of electricity hits the kobold brigand!
It was a potion of curing.
You feel better.
Your quokka barely misses the kobold.
Your cerulean imp barely misses the kobold brigand.
Your quokka closely misses the kobold.
The kobold brigand throws a curare-tipped dart.
The curare-tipped dart hits you.
You are poisoned.
You have difficulty breathing.
* * * LOW HITPOINT WARNING * * *
You feel as though you will be slow longer.
The kobold hits your quokka with a +0 club.
The kobold brigand hits your cerulean imp with a +0 whip.
Your lightning spire shoots out a bolt of lightning at the kobold brigand!
The bolt of electricity hits your cerulean imp.
Your cerulean imp resists.
The bolt of electricity hits the kobold brigand!
The kobold is distracted by your dazzling golden aura.
Your quokka bites the kobold but does no damage.
Your quokka splashes around in the water.
Your cerulean imp hits the kobold with a +0 spear.
The kobold dies!
The kobold brigand hits your cerulean imp with a +0 whip.
Your cerulean imp dies!
Your cerulean imp disappears in a puff of smoke!
It was a potion of experience.
You feel more experienced!
Your Fighting skill gained 11 levels and is now at level 11!
You have reached level 10!
You feel stronger.
You die...
Your body crumbles into a pile of gold.

### #### ###.####..###
#####............
###................
#.......P..........
#######8.................
#...K#...................
#?.$K§r~~...~~~.......~.P
#!∩..$~K@..P~~~~~~...~P~~
#.[.!#r~~.~~P~~~~P..~~~P~
##############~#######~#~
#~~~~~~~~~h~~~~~~~~~~~
#≈~≈≈≈≈≈~≈≈≈≈≈~≈≈≈≈≈~≈
#~~~~~~~~~~~~~~~~~~~~~
######~##########~~~~####
#....#~~~P...P~~~~~~~~~~~
#.∩..)~~~~...~~~~~~~~~~~~


You could see 2 kobold brigands, a kobold (distracted), a friendly lightning
spire (summoned) and 2 friendly quokkas.

Vanquished Creatures
  3 crimson imps (D:5)
  A worm (D:2)
  A giant cockroach (D:2)
  A hobgoblin (D:3)
  A quokka (D:2)
  A bat (D:2)
  A rat (D:2)
9 creatures vanquished.

Vanquished Creatures (collateral kills)
  Grinder (D:5)
  An ice beast (D:6)
  A sky beast (D:6)
  A black bear (D:4)
  An ogre (D:4)
  A phantom (D:6)
  A centaur (D:5)
  Blork the orc (D:4)
  A necrophage (D:4)
  5 kobold brigands (Sewer)
  A scorpion (D:5)
  A crimson imp (D:5)
  A jelly (D:5)
  An orc priest (D:6)
  A hound (D:5)
  2 sleepcaps
  2 iguanas
  2 orc wizards
  A hound skeleton (D:4)
  4 adders
  An ufetubus (D:5)
  2 worms (D:2)
  2 dart slugs (D:2)
  11 orcs
  7 endoplasms
  4 giant cockroaches
  3 goblins
  5 hobgoblins
  2 jackals (D:1)
  2 quokkas (D:5)
  7 ball pythons
  4 bats
  2 frilled lizards (Sewer)
  19 kobolds
  5 rats
106 creatures vanquished.

Vanquished Creatures (others)
  A bullfrog (D:6)
  A scorpion (D:5)
  Ijyb (D:5)
  6 plants (Sewer)
9 creatures vanquished.

Grand Total: 124 creatures vanquished

Notes
Turn   | Place    | Note
-------+----------+-------------------------------------------
     0 | D:1      | cforsyth the Octopode Summoner began the quest for the Orb.
     0 | D:1      | Reached XP level 1. HP: 11/11 MP: 3/3
   239 | D:1      | Reached XP level 2. HP: 17/17 MP: 3/5
   250 | D:1      | Learned a level 2 spell: Call Imp
   740 | D:1      | You fall into a shaft and drop 1 floor!
   780 | D:2      | Identified the +0 pair of gloves of the Wumpus {Regen+
                  | Str+5 Int+4 Dex-5}
  1012 | D:2      | Reached XP level 3. HP: 20/21 MP: 1/7
  2600 | D:3      | Learned a level 3 spell: Call Canine Familiar
  2674 | D:4      | Reached XP level 4. HP: 24/27 MP: 3/8
  2688 | D:4      | Learned a level 3 spell: Summon Guardian Golem
  2732 | D:4      | Reached skill level 5 in Summonings
  2796 | D:4      | Noticed Blork the orc
  2804 | D:4      | Reached skill level 1 in Hexes
  2804 | D:4      | Reached XP level 5. HP: 24/31 MP: 5/10
  2857 | D:4      | Killed Blork the orc
  2989 | D:4      | Noticed an ogre
  3000 | D:4      | Killed an ogre
  3001 | D:4      | Reached XP level 6. HP: 36/36 MP: 4/11
  3377 | D:4      | Noticed a black bear
  3388 | D:4      | Killed a black bear
  3395 | D:4      | Learned a level 4 spell: Summon Lightning Spire
  3618 | D:4      | Found a burning altar of Makhleb.
  3654 | D:4      | Reached skill level 1 in Air Magic
  3654 | D:4      | Reached XP level 7. HP: 41/41 MP: 11/13
  3732 | D:5      | Entered Level 5 of the Dungeon
  3744 | D:5      | Found a staircase to the Ecumenical Temple.
  3747 | D:5      | Got Puataip's Directory of the Maleficium and Orientation
  3750 | Temple   | Entered the Ecumenical Temple
  3795 | Temple   | Became a worshipper of Gozag Ym Sagoz the Greedy
  3843 | D:5      | Found a shimmering altar of Xom.
  4076 | D:5      | Noticed Ijyb
  4106 | D:5      | Killed Ijyb
  4113 | D:5      | Noticed Grinder
  4899 | D:5      | Noticed a nameless horror
  5121 | D:5      | Found Matsaq's General Store.
  5492 | D:5      | Killed Grinder
  5493 | D:5      | Reached skill level 5 in Spellcasting
  5493 | D:5      | Reached XP level 8. HP: 46/46 MP: 5/15
  6190 | D:6      | Found Hiosmif's Distillery.
  6294 | D:6      | Found a glowing drain.
  6359 | Sewer    | Entered a sewer
  6591 | Sewer    | Reached XP level 9. HP: 51/51 MP: 12/18
  6611 | Sewer    | Learned a level 5 spell: Summon Mana Viper
  6657 | Sewer    | Reached skill level 5 in Air Magic
  6892 | Sewer    | HP: 1/51 [asphyx]
  6893 | Sewer    | Reached skill level 11 in Fighting
  6893 | Sewer    | Reached XP level 10. HP: 2/79 MP: 11/19
  6893 | Sewer    | Succumbed to a kobold brigand's curare-tipped dart

Illustrated notes

Levels and vault maps discovered:
D:1:      ncdulo_smallfort, layout_loops_cross, serial_shops,
          nicolae_lakefront_shop
D:2:      layout_basic
D:3:      layout_loops_ring
D:4:      layout_basic, makhleb_blood_cavern_becter, uniq_blork_the_orc
D:5:      layout_loops_cross, led_xom_imps, minmay_temple_entry_offerings,
          serial_shops, nicolae_shop_advertising_works
          [nicolae_subvault_shop_adworks], uniq_grinder, uniq_ijyb
D:6:      layout_rooms, gup_sewer_entry_glass, serial_shops, shop
Temple:   eino_narrow_crystal_temple
Sewer:    kennysheep_pipe_town

Skill      XL: |  1  2  3  4  5  6  7  8  9 |
---------------+----------------------------+-----
Spellcasting   | 3 4 5 6 |  6.4
Summonings     | 5 6 7 |  7.9
Hexes          | 1 2 3 4 |  4.0
Air Magic      | 1 3 4 5 |  5.0
Fighting       | 11 | 11.6
Dodging        | |  2.0
Stealth        | |  2.6

Action                     |  1- 3 |  4- 6 |  7- 9 | 10-12 || total
---------------------------+-------+-------+-------+-------++-------
  Melee: Unarmed           |    27 |     4 |    18 |       ||    49
         Constrict         |    13 |     2 |     5 |       ||    20
         Tentacles         |     8 |     2 |     5 |       ||    15
         Punch             |     2 |       |       |       ||     2
   Cast: Summon Small Mamm |    52 |    17 |    19 |       ||    88
         Call Imp          |    14 |     6 |    18 |       ||    38
         Call Canine Famil |     1 |     9 |    30 |       ||    40
         Summon Guardian G |       |     2 |     5 |       ||     7
         Summon Lightning  |       |       |    11 |       ||    11
    Use: Scroll            |       |       |    12 |       ||    12
         Potion            |       |       |     3 |       ||     3
   Stab: Distracted        |     1 |       |     1 |       ||     2
         Sleeping          |     1 |       |       |       ||     1
 Armour: Skin              |     5 |     1 |     4 |       ||    10
  Dodge: Dodged            |    17 |     9 |    31 |       ||    57

Table legend: (Time is in decaauts)
 A = Elapsed time spent in this place.
 B = Non-inter-level travel time spent in this place.
 C = Inter-level travel time spent in this place.
 D = Time resting spent in this place.
 E = Time spent auto-exploring this place.
 F = Levels seen in this place.
 G = Mean time per level.
                   A        B        C        D        E       F      G
               +--------+--------+--------+--------+--------+-----+--------+
         Total |   6901 |   6791 |    110 |    851 |   4465 |   8 |  862.6 |
       Dungeon |   6303 |   6208 |     95 |    851 |   4039 |   6 | 1050.5 |
        Temple |     60 |     45 |     15 |      0 |     35 |   1 |   60.0 |
         Sewer |    536 |    536 |      0 |      0 |    391 |   1 |  536.0 |
               +--------+--------+--------+--------+--------+-----+--------+

Top non-repeatable levels by time:
     D:4: 2111 daAuts
     D:5: 1315 daAuts
     D:2: 1153 daAuts
     D:3: 831 daAuts
     D:1: 740 daAuts
   Sewer: 536 daAuts
     D:6: 151 daAuts
  Temple: 60 daAuts
